 Dungeon Crawl Stone Soup version 0.25.1-2-g60ff931df9 (webtiles) character file.

Game seed: 17346092964769764407

30457 Goreval the Frost Mage (level 13, 0/101 HPs)
             Began as a Barachi Ice Elementalist on Aug 2, 2020.
             Was a High Priest of the Shining One.
             Slain by an ice dragon (5 damage)
             ... in an ice cave on Sept 10, 2020.
             The game lasted 00:54:43 (21801 turns).

Goreval the Frost Mage (Barachi Ice Elementalist)  Turns: 21801, Time: 00:54:43

Health: 0/101      AC: 21    Str: 10    XL:     13   Next: 51%
Magic:  20/23      EV: 15    Int: 14    God:    the Shining One [*****.]
Gold:   776        SH:  8    Dex: 14    Spells: 11/26 levels left

rFire    . . .     SeeInvis .   B - +0 scimitar (flame)
rCold    + + +     Gourm    .   (no shield)
rNeg     + + +     Faith    +   x - +1 leather armour of Masochism {rPois rC++}
rPois    +         Spirit   .   t - +1 helmet
rElec    +         Reflect  .   a - +0 cloak
rCorr    .         Harm     .   (no gloves)
MR       .....                  J - +0 pair of boots
Stlth    +.........             Y - amulet of faith
HPRegen  0.26/turn              b - +4 ring of protection
MPRegen  0.18/turn              Q - ring "Seastruj" {rElec rPois rC+ rN+ Int-5}

@: icy armour, divine shield, about to teleport, glowing, slow
A: +LOS, swims, slowness 1, strong legs 2
a: Hop, Divine Shield, Cleansing Flame, Summon Divine Warrior, Renounce Religion


You were in an ice cave.
You worshipped the Shining One.
The Shining One was extremely pleased with you.
You were hungry.

You visited 3 branches of the dungeon, and saw 17 of its levels.
You also visited: Ice Cave.

You collected 806 gold pieces.
You donated 30 gold pieces to Zin.

Inventory:

Hand Weapons
 r - the +5 scythe "Finisher" {speed, eviscerate}
   (You found it on level 9 of the Dungeon)

   Attacks with this weapon are significantly faster.
 v - a +0 long sword
 B - a +0 scimitar of flaming (weapon)
 H - a +2 long sword of holy wrath
Missiles
 l - 302 stones (quivered)
 y - a throwing net
Armour
 a - a +0 cloak (worn)
 t - a +1 helmet (worn)
 x - the +1 leather armour of Masochism (worn) {rPois rC++}
   (You found it on level 4 of the Dungeon)

   It greatly protects you from cold.
   It protects you from poison.
 C - a +0 robe of magic resistance
 J - a +0 pair of boots (worn)
 S - the cursed +0 buckler of the Sun {Harm rElec MR++ Int-2, unknown}
   (You found it on level 3 of the Lair of Beasts)

   It affects your intelligence (-2).
   It insulates you from electricity.
   It affects your resistance to hostile enchantments.
   It increases damage dealt and taken.
   It has a curse placed upon it.
Magical Staves
 V - an uncursed staff of air
Jewellery
 b - a +4 ring of protection (left hand)
 h - an uncursed ring of protection from magic
 i - an uncursed ring of protection from magic
 A - an uncursed ring of poison resistance
 I - a +4 ring of evasion
 L - an uncursed ring of ice
 O - an uncursed ring of fire
 Q - the ring "Seastruj" (right hand) {rElec rPois rC+ rN+ Int-5}
   (You found it on level 2 of the Lair of Beasts)

   [ring of protection from cold]

   It affects your intelligence (-5).
   It protects you from cold.
   It insulates you from electricity.
   It protects you from poison.
   It protects you from negative energy.
 U - an uncursed ring of flight {unknown}
 W - a +6 ring of intelligence
 Y - an amulet of faith (around neck)
Wands
 F - a wand of paralysis (14)
 G - a wand of acid (5)
 K - a wand of iceblast (14)
 M - a wand of disintegration (13)
Scrolls
 e - 9 scrolls of identify
 f - 5 scrolls of remove curse
 j - 4 scrolls of amnesia
 m - 2 scrolls of teleportation
 o - a scroll of blinking
 q - a scroll of magic mapping
 u - a scroll of acquirement {unknown}
 w - 2 scrolls of enchant armour
 R - a scroll of immolation {unknown}
 T - a scroll of fog
Potions
 d - 8 potions of curing
 g - 2 potions of degeneration
 k - 2 potions of haste {unknown}
 n - 2 potions of mutation
 p - 3 potions of heal wounds
 s - 2 potions of berserk rage
 z - 2 potions of invisibility
 D - a potion of might
 E - a potion of resistance
 N - a potion of stabbing {unknown}
 P - a potion of flight {unknown}
Comestibles
 c - 20 rations


   Skills:
 + Level 9.1 Fighting
 - Level 10.0 Long Blades
 - Level 8.0 Armour
 - Level 6.0 Dodging
 - Level 2.0 Stealth
 - Level 7.0 Spellcasting
 * Level 11.8 Summonings
 * Level 14.3 Ice Magic
 + Level 5.5 Invocations


You had 11 spell levels left.
You knew the following spells:

 Your Spells              Type           Power        Failure   Level  Hunger
a - Freeze                Ice            ####         1%          1    None
b - Frozen Ramparts       Ice            #####.       1%          3    ##.....
c - Ozocubu's Armour      Chrm/Ice       ###.....     3%          3    ##.....
d - Summon Ice Beast      Ice/Summ       #####...     1%          4    ####...
e - Hailstorm             Conj/Ice       ###.....     10%         4    ####...

Your spell library contained the following spells:

 Spells                   Type           Power        Failure   Level  Hunger
 Summon Small Mammal      Summ           ####         1%          1    None
 Ensorcelled Hibernation  Hex/Ice        ###...       1%          2    #......
 Animate Skeleton         Necr           N/A          19%         1    None
 Apportation              Tloc           #.....       19%         1    None
 Corona                   Hex            #......      19%         1    None
 Shock                    Conj/Air       #...         19%         1    None
 Confusing Touch          Hex            #.......     47%         3    ##.....
 Dazzling Flash           Conj/Hex       #.....       47%         3    ##.....
 Tukima's Dance           Hex            #.......     47%         3    ##.....
 Cause Fear               Hex            #.........   87%         4    ####...
 Irradiate                Conj/Tmut      #.........   99%         5    ######.
 Silence                  Hex/Air        #.........   99%         5    ######.
 Yara's Violent Unravell  Hex/Tmut       #.........   99%         5    ######.
 Hydra Form               Tmut           #.........   100%        6    #######
 Statue Form              Tmut/Erth      #........    100%        6    #######
 Dragon Form              Tmut           #.........   100%        7    #######
 Discord                  Hex            #.........   100%        8    #######


Dungeon Overview and Level Annotations

Branches:
Dungeon (12/15)            Temple (1/1) D:6            Lair (4/6) D:11
 Shoals (0/4) Lair:3        Snake (0/4) Lair:3        IceCv (1/1)
    Orc: D:9-12

Altars:
Ashenzari
Cheibriados
Dithmenos
Elyvilon
Fedhas
Gozag
Hepliaklqana
Kikubaaqudgha
Makhleb
Nemelex Xobeh
Okawaru
Qazlal
Ru
Sif Muna
Trog
Uskayaw
Vehumet
Wu Jian
Xom
Yredelemnul
Zin
The Shining One

Shops:
D:5 =   D:11 (

Annotations:
D:3 Grinder
D:10 Sonja
Lair:1 exclusion: oklob plant


Innate Abilities, Weirdness & Mutations

You can be seen from farther away. (+LOS)
You can swim through water.
You cover ground slowly.
You can hop long distances.


Message History

The ice dragon breathes frost at you. The blast of cold misses you.
Okay, then.
You feel much better. The ice dragon bites you!
* * * LOW HITPOINT WARNING * * *
You block the ice dragon's attack. The ice dragon tramples you.
* * * LOW HITPOINT WARNING * * *
You hold your ground!
The ice dragon bites you but does no damage.
The ice dragon barely misses you. The ice dragon tramples you.
* * * LOW HITPOINT WARNING * * *
You hold your ground!
As you read the scroll of teleportation, it crumbles to dust.
You feel strangely unstable.
The ice dragon bites you but does no damage.
You block the ice dragon's attack.
The ice dragon tramples you but does no damage.
The ice dragon bites you but does no damage.
The ice dragon claws you.
You die...

..######
#......##
####....##
####..## ###
##..###.##
##.#....#
#...##.#
#####..### ..
#...##@## .D..
##....DD#...D.#
####......#
########


You could see 2 ice dragons.

Vanquished Creatures
  Fannar (Lair:2)
  3 hydras
  Erica (D:8)
  A two-headed ogre (D:11)
  A cyclops (D:11)
  A merfolk siren (Lair:3)
  A centaur zombie (D:11)
  2 black mambas
  2 ice statues (IceCv)
  6 elephants (Lair:4)
  8 spiny frogs
  2 komodo dragons (Lair:3)
  4 rime drakes
  A merfolk (Lair:3)
  A troll (D:11)
  6 blink frogs
  3 hippogriffs
  2 wraiths (D:9)
  7 yaks
  4 hogs (D:8)
  A human (D:8)
  2 basilisks
  Grum (D:8)
  6 nagas (Lair:3)
  4 water moccasins
  10 porcupines
  An orc warrior (D:8)
  15 ice beasts
  2 black bears
  4 sky beasts
  2 phantoms
  3 ogres
  3 wolves (D:8)
  5 crocodiles
  11 bullfrogs
  A wyvern zombie (D:8)
  2 scorpions
  A water moccasin zombie (D:9)
  8 killer bees
  2 howler monkeys (D:9)
  4 crimson imps
  8 jellies
  5 hounds
  A centaur skeleton (D:6)
  An orc priest (D:3)
  3 bullfrog skeletons
  7 orc wizards
  3 iguanas
  7 hell rats (Lair:3)
  A killer bee zombie (D:9)
  5 worker ants
  A hound zombie (D:10)
  A hound skeleton (D:10)
  A howler monkey zombie (D:9)
  A worker ant zombie (D:11)
  Robin (D:3)
  9 adders
  A shadow imp (D:7)
  12 white imps (Lair:4)
  19 oozes
  An adder skeleton (D:7)
  An adder zombie (D:5)
  4 worms
  2 dart slugs
  5 leopard geckos
  23 orcs
  A ball python (D:6)
  2 giant cockroaches
  10 goblins
  14 hobgoblins
  A quokka (D:7)
  9 bats
  2 frilled lizards
  11 kobolds
  2 leopard gecko skeletons
  9 rats
329 creatures vanquished.

Vanquished Creatures (collateral kills)
  4 hydras
  3 two-headed ogres
  An ugly thing (D:11)
  A deep elf mage (D:11)
  4 elephants (Lair:4)
  A black mamba (Lair:1)
  2 spiny frogs
  2 blink frogs (Lair:3)
  2 yaks (D:11)
  A basilisk (Lair:4)
  A wraith (D:9)
  2 hungry ghosts
  A naga (Lair:3)
  A porcupine (Lair:2)
  4 ice beasts
  An orc warrior (D:11)
  A sky beast (D:7)
  An ogre (D:8)
  A bullfrog (Lair:4)
  A jelly (D:9)
  A centaur zombie (D:7)
  An orc priest (D:9)
  An orc wizard (D:11)
  A shadow imp (D:7)
  An ooze (Lair:1)
  An orc (D:9)
  A quokka (D:11)
42 creatures vanquished.

Vanquished Creatures (others)
  A bat (D:1)
  10 fungi
  3 plants (Lair:4)
14 creatures vanquished.

Grand Total: 385 creatures vanquished

Notes
Turn   | Place    | Note
-------+----------+-------------------------------------------
     0 | D:1      | Goreval the Barachi Ice Elementalist began the quest for
                  | the Orb.
     0 | D:1      | Reached XP level 1. HP: 13/13 MP: 3/3
   168 | D:1      | Reached skill level 5 in Ice Magic
   240 | D:1      | Reached XP level 2. HP: 19/20 MP: 1/5
   504 | D:1      | Reached skill level 1 in Fighting
   783 | D:1      | Reached XP level 3. HP: 26/26 MP: 3/6
   825 | D:1      | Learned a level 3 spell: Frozen Ramparts
  1789 | D:2      | Reached XP level 4. HP: 33/33 MP: 5/8
  1826 | D:2      | Learned a level 3 spell: Ozocubu's Armour
  2394 | D:3      | Reached skill level 6 in Ice Magic
  2489 | D:3      | Noticed Robin
  2501 | D:3      | Killed Robin
  2701 | D:3      | Found a burning altar of Makhleb.
  2800 | D:3      | Reached XP level 5. HP: 38/39 MP: 3/9
  2968 | D:3      | Noticed Grinder
  3400 | D:4      | Got a translucent leather armour
  3459 | D:4      | Found a shimmering blue altar of Sif Muna.
  3672 | D:4      | Reached skill level 7 in Ice Magic
  3672 | D:4      | Reached XP level 6. HP: 38/47 MP: 6/11
  3681 | D:4      | Learned a level 4 spell: Summon Ice Beast
  3918 | D:4      | Identified Sif Muna's Disquisition on Flight
  4196 | D:4      | Found a shimmering altar of Xom.
  4196 | D:4      | Found a shattered altar of Ashenzari.
  4210 | D:4      | Identified the +1 leather armour of Masochism {rPois rC++}
                  | (You found it on level 4 of the Dungeon)
  4322 | D:4      | Reached skill level 1 in Summonings
  4375 | D:4      | Noticed a phantom
  4401 | D:5      | Entered Level 5 of the Dungeon
  4424 | D:4      | Killed a phantom
  4695 | D:5      | Reached XP level 7. HP: 53/53 MP: 6/12
  4878 | D:5      | Found Paxoenett's Jewellery Emporium.
  5145 | D:6      | Found a glowing silver altar of Zin.
  5152 | D:6      | Became a worshipper of Zin the Law-Giver
  5152 | D:6      | Reached * piety under Zin
  5158 | D:6      | Found a staircase to the Ecumenical Temple.
  5173 | Temple   | Entered the Ecumenical Temple
  5276 | Temple   | Fell from the grace of Zin
  5276 | Temple   | Became a worshipper of the Shining One
  5333 | D:6      | Noticed a two-headed ogre
  5358 | D:6      | Killed a two-headed ogre
  5358 | D:6      | Reached skill level 8 in Ice Magic
  5358 | D:6      | Reached XP level 8. HP: 9/61 MP: 1/14
  5868 | D:6      | Reached skill level 5 in Summonings
  5951 | D:6      | Reached skill level 5 in Fighting
  5951 | D:6      | Reached skill level 9 in Ice Magic
  6369 | D:6      | Reached * piety under the Shining One
  6369 | D:6      | Reached skill level 5 in Spellcasting
  6537 | D:7      | Reached skill level 1 in Armour
  6657 | D:7      | Reached XP level 9. HP: 59/68 MP: 9/16
  7450 | D:7      | Reached skill level 10 in Ice Magic
  7941 | D:8      | Noticed a two-headed ogre
  7946 | D:8      | Killed a two-headed ogre
  8077 | D:8      | Found a blossoming altar of Fedhas.
  8162 | D:8      | Noticed Erica
  8177 | D:8      | Killed Erica
  8177 | D:8      | Reached skill level 1 in Long Blades
  8305 | D:8      | Reached XP level 10. HP: 68/74 MP: 14/19
  8371 | D:8      | Noticed Grum
  8372 | D:8      | Reached skill level 11 in Ice Magic
  8377 | D:8      | Killed Grum
  8855 | D:8      | Found a sacrificial altar of Ru.
  9668 | D:9      | Reached ** piety under the Shining One
  9911 | D:9      | Learned a level 4 spell: Hailstorm
 10073 | D:10     | Entered Level 10 of the Dungeon
 10511 | D:9      | Noticed a two-headed ogre
 10523 | D:9      | Killed a two-headed ogre
 10693 | D:9      | Found the +5 scythe "Finisher" {speed, eviscerate}
 10697 | D:9      | Reached skill level 10 in Summonings
 10697 | D:9      | Reached skill level 12 in Ice Magic
 11082 | D:10     | Noticed Sonja
 11880 | D:11     | Found a staircase to the Lair.
 11913 | D:11     | Noticed a two-headed ogre
 11928 | D:11     | Killed a two-headed ogre
 11928 | D:11     | Reached skill level 5 in Long Blades
 11928 | D:11     | Reached XP level 11. HP: 79/79 MP: 11/21
 12008 | D:11     | Reached *** piety under the Shining One
 12072 | D:11     | Reached skill level 5 in Armour
 12350 | D:11     | Noticed a green ugly thing
 12356 | D:11     | Killed a green ugly thing
 12687 | D:11     | Noticed a cyclops
 12917 | D:11     | Killed a cyclops
 13523 | D:11     | Noticed a deep elf mage
 13528 | D:11     | Killed a deep elf mage
 13744 | D:11     | Reached skill level 13 in Ice Magic
 13907 | D:11     | Found Owutiuqo's Antique Weapon Shoppe.
 14523 | Lair:1   | Entered Level 1 of the Lair of Beasts
 14561 | Lair:1   | Reached skill level 1 in Invocations
 14861 | Lair:1   | Noticed a six-headed hydra
 14873 | Lair:1   | Killed a one-headed hydra
 15512 | Lair:1   | Noticed a five-headed hydra
 15521 | Lair:1   | Killed a one-headed hydra
 15521 | Lair:1   | Reached skill level 5 in Dodging
 15670 | Lair:1   | Reached XP level 12. HP: 33/88 MP: 15/22
 16082 | Lair:1   | Noticed a seven-headed hydra
 16089 | Lair:1   | Killed a five-headed hydra
 16599 | Lair:2   | Noticed Fannar
 16719 | Lair:2   | Noticed a seven-headed hydra
 16727 | Lair:2   | Killed a five-headed hydra
 16981 | Lair:2   | Killed Fannar
 17848 | Lair:2   | Got a sparkling turquoise ring
 18202 | Lair:3   | Reached skill level 10 in Long Blades
 18265 | Lair:3   | Found a staircase to the Snake Pit.
 18401 | Lair:3   | Reached **** piety under the Shining One
 18638 | Lair:3   | Got a pitted buckler
 19491 | Lair:3   | Found a staircase to the Shoals.
 19515 | Lair:3   | Gained mutation: You can hop long distances. [Barachi
                  | growth]
 19515 | Lair:3   | Reached XP level 13. HP: 37/98 MP: 13/23
 20198 | Lair:4   | Reached skill level 5 in Invocations
 20420 | Lair:4   | Reached skill level 14 in Ice Magic
 20555 | Lair:4   | Identified the ring "Seastruj" {rElec rPois rC+ rN+ Int-5}
                  | (You found it on level 2 of the Lair of Beasts)
 20720 | Lair:4   | Found a frozen archway.
 20759 | Lair:4   | Reached ***** piety under the Shining One
 20770 | IceCv    | Entered an ice cave
 21778 | IceCv    | Noticed an ice dragon
 21778 | IceCv    | Noticed an ice dragon
 21800 | IceCv    | HP: 5/101 [ice dragon (5)]
 21801 | IceCv    | Slain by an ice dragon

Illustrated notes

Levels and vault maps discovered:
D:1:      evilmike_arrival_plus, layout_rooms, minmay_misc_feat_diagonals
D:2:      layout_basic, first_ration
D:3:      layout_rooms, lemuel_round_altar, uniq_grinder, uniq_robin
D:4:      layout_loops_ring, gammafunk_temple_overflow_pools, led_sif_book
D:5:      layout_rooms, minmay_shop_grid_forest
D:6:      layout_basic, zin_academy, minmay_temple_entry_trees
D:7:      layout_loops_ring
D:8:      layout_basic, marbit_many_paths, fedhas_altar_4, grunt_livestock,
          chequers_serial_rivers_micro_a, uniq_erica, uniq_grum
D:9:      layout_irregular_city, minmay_guarded_unrand_finisher
D:10:     layout_irregular_city, orc_0_dummy, uniq_sonja
D:11:     layout_grid_maze, lair_entry_dummy, serial_shops,
          nicolae_shop_statue_plus
D:12:     layout_loops_ring
Temple:   nicolae_temple_elliptical
Lair:1:   lemuel_slime, layout_cave_pods, minivault_23
Lair:2:   layout_chaotic_city, grunt_forest_small_clearings,
          chequers_serial_rivers_large_a, grunt_megastairs_4, uniq_fannar
Lair:3:   layout_cave_pods, elwin_shoals_entry_rooms,
          minmay_snake_entry_guardpost_large, beast_lair_carwin_2
Lair:4:   layout_layer_cave, portal_ice_cave_entry_imps
IceCv:    ice_cave_small_dragons

Skill      XL: |  1  2  3  4  5  6  7  8  9 10 11 12 13 |
---------------+----------------------------------------+-----
Ice Magic      | 5 6 7 8 9 10 12 13 14 | 14.3
Stealth        | 2 |  2.0
Fighting       | 1 2 3 4 5 6 8 9 |  9.1
Spellcasting   | 3 4 5 6 7 |  7.0
Summonings     | 2 4 6 8 10 11 | 11.8
Armour         | 1 3 4 6 8 |  8.0
Long Blades    | 1 5 8 10 | 10.0
Dodging        | 3 5 6 |  6.0
Invocations    | 2 4 5 |  5.5

Action                   |  1- 3 |  4- 6 |  7- 9 | 10-12 | 13-15 || total
-------------------------+-------+-------+-------+-------+-------++-------
Melee: Unarmed           |     1 |       |       |       |       ||     1
       Dagger            |     4 |     8 |       |       |       ||    12
       Long sword        |       |     8 |    63 |   163 |       ||   234
       Scimitar          |       |       |       |   257 |   245 ||   502
Throw: Stone             |    39 |    88 |    32 |    19 |    22 ||   200
 Cast: Freeze            |    57 |   104 |    80 |    67 |    15 ||   323
       Frozen Ramparts   |       |       |    11 |    34 |     5 ||    50
       Ozocubu's Armour  |       |       |     3 |     3 |     1 ||     7
       Summon Ice Beast  |       |       |    14 |    48 |    15 ||    77
       Hailstorm         |       |       |       |     8 |       ||     8
Invok: Divine Shield     |       |       |       |       |     1 ||     1
 Abil: Hop               |       |     2 |     2 |     6 |     1 ||    11
  Use: Potion            |       |     1 |       |     1 |     1 ||     3
       Scroll            |       |       |       |    19 |     2 ||    21
  Eat: Chunk             |     4 |     7 |     9 |    27 |     6 ||    53
       Ration            |       |     1 |     1 |     6 |     1 ||     9
Armor: Robe              |    11 |    14 |       |       |       ||    25
       Leather armour    |       |    11 |    69 |   176 |   114 ||   370
Dodge: Dodged            |    28 |    44 |    71 |   340 |   215 ||   698
Block: Other             |       |       |       |       |     3 ||     3
       Rpst.: Long sword |       |    10 |    30 |    30 |       ||    70
       Scimitar          |       |       |       |    62 |    60 ||   122
